[Event "ESP-chT Div I 2018"]
[Site "Linares"]
[Date "2018.08.10"]
[Round "5"]
[White "Alonso Alvarez, Aitor"]
[Black "Tejedor Fuente, Enrique"]
[Result "0-1"]
[ECO "B28"]
[WhiteElo "2306"]
[BlackElo "2408"]
[Annotator "NA"]
[PlyCount "74"]
[EventDate "2018.08.06"]
[EventType "team-tourn"]
[EventCountry "ESP"]
[SourceTitle "playchess.com"]
[Source "ChessBase"]
[SourceQuality "1"]
[TimeControl "40/5400+30:1800+30"]

1. e4 c5 2. Nf3 a6 3. c3 d5 4. exd5 Qxd5 5. d4 Nf6 6. Be2 e6 7. O-O Nc6 8. Be3 cxd4 9. cxd4 Be7 10. Nc3 Qd8 11. Rc1 O-O 12. a3 Bd6 13. Bg5 Ne7 14. Bd3 Ng6 15. Ne4 Be7 16. Nxf6+ Bxf6 17. Bxf6 gxf6 18. Qd2 Qd6 19. Rc5 Rd8 20. Rfc1 Bd7 21. Qh6 Qf8 22. Qe3 Rac8 23. h4 Rxc5 24. Rxc5 Bc6 25. Be4 Bxe4 26. Qxe4 b6 27. Rc6 Qh6 28. g3 f5 29. Qc2 f4 30. Rxb6 fxg3 31. fxg3 Qh5 32. Kf2 Qg4 33. Qc7 Rd5 34. Rb3 Rf5 35. Qd8+ Kg7 36. Re3 Qh3 37. Ke2 Qg2+ 0-1

[Event "ESP-chT Div I 2018"]
[Site "Linares"]
[Date "2018.08.10"]
[Round "5"]
[White "Gutierrez Olivares, Daniel"]
[Black "Shvayger, Yuliya"]
[Result "1-0"]
[ECO "A20"]
[WhiteElo "2297"]
[BlackElo "2390"]
[Annotator "NA"]
[PlyCount "67"]
[EventDate "2018.08.06"]
[EventType "team-tourn"]
[EventCountry "ESP"]
[SourceTitle "playchess.com"]
[Source "ChessBase"]
[SourceQuality "1"]
[TimeControl "40/5400+30:1800+30"]

1. c4 e5 2. d3 Nc6 3. g3 g6 4. Bg2 Bg7 5. e3 Nge7 6. Nc3 d6 7. Nge2 Bg4 8. Qd2 Qd7 9. Nd5 O-O 10. Nec3 Nd8 11. Nxe7+ Qxe7 12. h3 Be6 13. O-O Qd7 14. Kh2 c6 15. b3 f5 16. f4 d5 17. cxd5 cxd5 18. Ba3 Re8 19. fxe5 Bxe5 20. Rac1 Nc6 21. d4 Bg7 22. Na4 b6 23. Nb2 Bf7 24. Rc3 a5 25. Rfc1 Na7 26. Rc7 Qe6 27. Nd3 Qxe3 28. Qxe3 Rxe3 29. Rxf7 Kxf7 30. Rc7+ Kf6 31. Nf4 Re4 32. Nxd5+ Ke6 33. Bxe4 fxe4 34. Nxb6 1-0

[Event "ESP-chT Div I 2018"]
[Site "Linares"]
[Date "2018.08.10"]
[Round "5"]
[White "Aranaz Murillo, Amalia"]
[Black "Rodrigo Yanguas, Maria"]
[Result "1-0"]
[ECO "E68"]
[WhiteElo "2227"]
[BlackElo "2062"]
[Annotator "NA"]
[PlyCount "67"]
[EventDate "2018.08.06"]
[EventType "team-tourn"]
[EventCountry "ESP"]
[SourceTitle "playchess.com"]
[Source "ChessBase"]
[SourceQuality "1"]
[TimeControl "40/5400+30:1800+30"]

1. Nf3 Nf6 2. c4 g6 3. g3 Bg7 4. Bg2 O-O 5. O-O d6 6. d4 Nbd7 7. Nc3 e5 8. e4 exd4 9. Nxd4 a6 10. h3 Re8 11. Re1 Ne5 12. b3 Rb8 13. a4 a5 14. Ra2 Nfd7 15. Rd2 Nc5 16. f4 Ned7 17. Ncb5 Bf8 18. Bb2 c6 19. Nc3 Qb6 20. Kh2 Bg7 21. Ba1 Nf8 22. Ndb5 cxb5 23. Rxd6 Qc7 24. Nxb5 Qe7 25. Bxg7 Kxg7 26. Qd4+ Kg8 27. Qxc5 Ne6 28. Qd5 h5 29. f5 Nf8 30. f6 Qe5 31. Qxe5 Rxe5 32. Rd8 Rc5 33. Red1 Ra8 34. Rxf8+ 1-0

[Event "ESP-chT Div I 2018"]
[Site "Linares"]
[Date "2018.08.10"]
[Round "5"]
[White "Garcia-Castany Musellas, Gal la"]
[Black "Cano Sanchez, Josue"]
[Result "0-1"]
[ECO "C07"]
[WhiteElo "2203"]
[BlackElo "2312"]
[Annotator "NA"]
[PlyCount "104"]
[EventDate "2018.08.06"]
[EventType "team-tourn"]
[EventCountry "ESP"]
[SourceTitle "playchess.com"]
[Source "ChessBase"]
[SourceQuality "1"]
[TimeControl "40/5400+30:1800+30"]

1. e4 e6 2. d4 d5 3. Nd2 c5 4. Ngf3 cxd4 5. Nxd4 Nf6 6. exd5 Qxd5 7. Nb5 Qc6 8. Nc4 Bc5 9. Nbd6+ Ke7 10. Bf4 Rd8 11. Nxc8+ Qxc8 12. Bd3 Nc6 13. O-O Nb4 14. Ne5 Bd4 15. Qd2 Nxd3 16. Nxd3 Qc4 17. Qa5 Kf8 18. Be5 Kg8 19. Bxd4 Rxd4 20. Rac1 b6 21. Qa3 a5 22. Ne5 Qc7 23. Nf3 Rc4 24. c3 Rc8 25. Rcd1 b5 26. Qd6 Nd5 27. Qxc7 R4xc7 28. Nd4 b4 29. Nb5 Rd7 30. cxb4 axb4 31. Rc1 Rdd8 32. a3 bxa3 33. Nxa3 Rb8 34. Nc4 Nf4 35. Rc2 h5 36. g3 Nd5 37. Ne5 Rb6 38. Nc6 Rc8 39. Rfc1 Kh7 40. Nd4 Rxc2 41. Rxc2 Rb4 42. Nc6 Rb6 43. Ne5 Rb7 44. Kg2 g5 45. Nd3 Rb3 46. Nc5 Rb5 47. Nd3 Kg7 48. b4 Kf6 49. Ra2 Rb6 50. Rb2 Kf5 51. Kf3 e5 52. Re2 e4+ 0-1

[Event "ESP-chT Div I 2018"]
[Site "Linares"]
[Date "2018.08.10"]
[Round "5"]
[White "Gonzalez Laso, Adrian"]
[Black "Gonzalez Guedes, Iyan"]
[Result "1/2-1/2"]
[ECO "B24"]
[WhiteElo "2168"]
[BlackElo "1925"]
[Annotator "NA"]
[PlyCount "110"]
[EventDate "2018.08.06"]
[EventType "team-tourn"]
[EventCountry "ESP"]
[SourceTitle "playchess.com"]
[Source "ChessBase"]
[SourceQuality "1"]
[TimeControl "40/5400+30:1800+30"]

1. e4 c5 2. Nc3 Nc6 3. g3 g6 4. Bg2 Bg7 5. d3 e6 6. Be3 Nd4 7. Qd2 Ne7 8. Nd1 d6 9. c3 Ndc6 10. f4 O-O 11. Nf3 b6 12. O-O d5 13. e5 Ba6 14. Re1 f6 15. exf6 Bxf6 16. Bf2 Qd6 17. d4 cxd4 18. Nxd4 Nxd4 19. Bxd4 Bxd4+ 20. Qxd4 Nc6 21. Qd2 Rad8 22. Nf2 e5 23. Rad1 d4 24. fxe5 Qc5 25. b4 dxc3 26. Bd5+ Kh8 27. bxc5 cxd2 28. Rxd2 Bc4 29. Red1 Nxe5 30. cxb6 axb6 31. Kg2 Bxd5+ 32. Rxd5 Rxd5 33. Rxd5 Nc4 34. Rd7 Kg8 35. Ne4 Rf7 36. Rd4 Ne3+ 37. Kh3 Ra7 38. a4 Ra5 39. g4 h5 40. g5 Nf5 41. Rb4 Ne7 42. Kg3 Kf7 43. h4 Nf5+ 44. Kh3 Ne7 45. Nd6+ Kg7 46. Nb5 Ra8 47. Kg3 Rc8 48. Kf3 Nc6 49. Rb1 Na5 50. Nd6 Rc3+ 51. Ke4 Rh3 52. Rxb6 Rxh4+ 53. Kd5 Rxa4 54. Ne8+ Kf7 55. Nd6+ Kg7 {[%emt 0:00:02] Ke4} 1/2-1/2

[Event "ESP-chT Div I 2018"]
[Site "Linares"]
[Date "2018.08.10"]
[Round "5"]
[White "Garcia Molina, Jose"]
[Black "Martin Capitan, Feliciano"]
[Result "1-0"]
[ECO "D31"]
[WhiteElo "1969"]
[BlackElo "2066"]
[Annotator "NA"]
[PlyCount "67"]
[EventDate "2018.08.06"]
[EventType "team-tourn"]
[EventCountry "ESP"]
[SourceTitle "playchess.com"]
[Source "ChessBase"]
[SourceQuality "1"]
[TimeControl "40/5400+30:1800+30"]

1. d4 d5 2. c4 e6 3. Nc3 c6 4. Nf3 f5 5. Qc2 Nf6 6. e3 Bd6 7. Bd3 O-O 8. Bd2 Ne4 9. h4 Nd7 10. Rf1 Ndf6 11. O-O-O Ng4 12. Be1 Bd7 13. Bxe4 fxe4 14. Nd2 Qe7 15. Qb3 Be8 16. c5 Bb8 17. Ne2 Kh8 18. f3 Nh2 19. Rf2 e5 20. fxe4 Rxf2 21. Bxf2 exd4 22. exd4 Ng4 23. Bg1 dxe4 24. Rf1 e3 25. Bxe3 Nf6 26. Bg5 Bh5 27. Nf4 Bxf4 28. Bxf4 Nd5 29. Be5 b6 30. Bd6 Qxh4 31. Qa4 b5 32. Qxa7 Rg8 33. Be5 Ne3 34. Qxg7+ 1-0

[Event "ESP-chT Div I 2018"]
[Site "Linares"]
[Date "2018.08.10"]
[Round "5"]
[White "Badillo Ramos, Steve"]
[Black "Gonzalez Merino, Alberto"]
[Result "0-1"]
[ECO "C05"]
[WhiteElo "1901"]
[BlackElo "2199"]
[Annotator "NA"]
[PlyCount "130"]
[EventDate "2018.08.06"]
[EventType "team-tourn"]
[EventCountry "ESP"]
[SourceTitle "playchess.com"]
[Source "ChessBase"]
[SourceQuality "1"]
[TimeControl "40/5400+30:1800+30"]

1. e4 e6 2. d4 d5 3. Nd2 Nf6 4. e5 Nfd7 5. Bd3 c5 6. c3 Nc6 7. Ne2 Qb6 8. Nf3 cxd4 9. cxd4 f6 10. exf6 Nxf6 11. O-O Bd6 12. Bf4 Qc7 13. Bxd6 Qxd6 14. Qd2 O-O 15. Qf4 Qxf4 16. Nxf4 Ne4 17. Ne2 Nd6 18. Rac1 Bd7 19. Ne5 Be8 20. Rfe1 g5 21. g3 Nf5 22. Bxf5 Rxf5 23. f4 gxf4 24. Nxc6 Bxc6 25. Nxf4 Kf7 26. Nxe6 Rg8 27. Nc5 Kf6 28. Re6+ Kg5 29. Nd3 Rf6 30. Rxf6 Kxf6 31. Ne5 Kf5 32. Nxc6 bxc6 33. Rxc6 Ke4 34. Rc7 Kxd4 35. Rxh7 Kd3 36. Rxa7 d4 37. Rd7 Ke3 38. Kf1 Rc8 39. h4 d3 40. Re7+ Kd2 41. Kg2 Rd8 42. g4 Kd1 43. Rf7 Ke2 44. Re7+ Kd1 45. Rf7 Ke2 46. Re7+ Kd1 47. Rf7 Rd4 48. Rf1+ Ke2 49. Rf2+ Ke3 50. Rf3+ Ke2 51. Rf2+ Ke3 52. Rf3+ Ke4 53. Rf1 d2 54. Rd1 Ke3 55. Kg3 Rd3 56. Rxd2 Rxd2 57. g5 Ke4 58. Kg4 Rg2+ 59. Kh5 Kf5 60. Kh6 Rg4 61. h5 Rxg5 62. b4 Kf6 63. a4 Rg4 64. Kh7 Rxb4 65. h6 Rb7+ 0-1

[Event "ESP-chT Div I 2018"]
[Site "Linares"]
[Date "2018.08.10"]
[Round "5"]
[White "Bermudez Revuelta, Paula"]
[Black "Prado Acebo, Ines"]
[Result "0-1"]
[ECO "C03"]
[WhiteElo "1887"]
[BlackElo "2084"]
[Annotator "NA"]
[PlyCount "62"]
[EventDate "2018.08.06"]
[EventType "team-tourn"]
[EventCountry "ESP"]
[SourceTitle "playchess.com"]
[Source "ChessBase"]
[SourceQuality "1"]
[TimeControl "40/5400+30:1800+30"]

1. e4 e6 2. d4 d5 3. Nd2 Be7 4. Ngf3 Nf6 5. e5 Nfd7 6. c4 dxc4 7. Nxc4 Nb6 8. Nxb6 axb6 9. a3 Qd5 10. Bd3 Bd7 11. Qc2 Nc6 12. Bc4 Nxd4 13. Nxd4 Qxd4 14. Qc3 Qe4+ 15. Kf1 b5 16. Be2 c5 17. Bf3 Qa4 18. Be3 b4 19. Qc1 O-O 20. g3 b3 21. Kg1 Qb5 22. Qc3 Rfc8 23. a4 Rxa4 24. Rxa4 Qxa4 25. Bxb7 Rc7 26. Bf3 c4 27. Bb6 Rc8 28. Qa5 c3 29. bxc3 b2 30. Qxa4 Bxa4 31. Kg2 Bc2 0-1

[Event "ESP-chT Div I 2018"]
[Site "Linares"]
[Date "2018.08.11"]
[Round "6"]
[White "Pap, Misa"]
[Black "Plazuelo Pascual, Juan"]
[Result "0-1"]
[ECO "C03"]
[WhiteElo "2478"]
[BlackElo "2429"]
[Annotator "ChessBase"]
[PlyCount "98"]
[EventDate "2018.08.06"]
[EventType "team-tourn"]
[EventCountry "ESP"]
[SourceTitle "playchess.com"]
[Source "ChessBase"]
[SourceQuality "1"]
[TimeControl "40/5400+30:1800+30"]

1. e4 e6 2. d4 d5 3. Nd2 Be7 4. Ngf3 Nf6 5. e5 Nfd7 6. Bd3 c5 7. c3 Nc6 8. O-O g5 9. dxc5 Ndxe5 10. Bb5 Ng6 11. Re1 Bxc5 12. Nxg5 Bxf2+ 13. Kxf2 Qxg5 14. Nf3 Qe7 15. Be3 Bd7 16. b4 Rg8 17. Bg5 f6 18. Bxc6 bxc6 19. Bh6 e5 20. c4 Be6 21. Qa4 Kf7 22. Kg1 Rgc8 23. Be3 d4 24. Bh6 c5 25. b5 Kg8 26. Qc2 Qd7 27. h4 Ne7 28. Nh2 Kh8 29. Qf2 Ng8 30. Bd2 Rf8 31. Rac1 Qg7 32. Kh1 Rae8 33. Qf3 Nh6 34. Bxh6 Qxh6 35. Qc6 Qxh4 36. Qxc5 Rg8 37. Qc6 Re7 38. Re2 d3 39. Rd2 e4 40. Qd6 Ree8 41. Qd4 Bg4 42. Rf1 Rg6 43. Qe3 Rh6 44. g3 Qh3 45. Kg1 Be2 46. Rf2 Rg8 47. Rg2 Rhg6 48. Qf4 e3 49. Qxe3 Rxg3 0-1

[Event "ESP-chT Div I 2018"]
[Site "Linares"]
[Date "2018.08.11"]
[Round "6"]
[White "Franco Alonso, Alejandro"]
[Black "Bergez, Luc"]
[Result "0-1"]
[ECO "A05"]
[WhiteElo "2410"]
[BlackElo "2327"]
[Annotator "NA RC"]
[PlyCount "94"]
[EventDate "2018.08.06"]
[EventType "team-tourn"]
[EventCountry "ESP"]
[SourceTitle "playchess.com"]
[Source "ChessBase"]
[SourceQuality "1"]
[TimeControl "40/5400+30:1800+30"]

1. Nf3 Nf6 2. c4 g6 3. Nc3 Bg7 4. e4 d6 5. d4 O-O 6. h3 e5 7. d5 Nh5 8. Nh2 Qe8 9. Be2 Nf4 10. Bf3 f5 11. g3 Nxh3 12. Bg2 Qf7 13. Qf3 fxe4 14. Nxe4 Qxf3 15. Nxf3 Na6 16. Nfd2 Nb4 17. Bxh3 Bxh3 18. Rxh3 Nc2+ 19. Kd1 Nxa1 20. b4 b5 21. cxb5 a5 22. bxa6 Rxa6 23. a3 c6 24. b5 cxb5 25. Bb2 b4 26. Bxa1 Rxa3 27. Bb2 Rd3 28. Ke2 Rxd5 29. g4 Rd8 30. Nc4 Rc8 31. Ne3 Ra5 32. Nxd6 Rc6 33. Ndc4 Ra2 34. Rh1 e4 35. Rb1 Bxb2 36. Nxb2 Rc3 37. Ned1 h5 38. gxh5 gxh5 39. Kd2 Rd3+ 40. Ke1 Rb3 41. Rc1 Rbxb2 42. Nxb2 Rxb2 43. Rc4 b3 44. Rb4 Kg7 45. Kf1 Rb1+ 46. Ke2 b2 47. Kd2 Rf1 0-1

[Event "ESP-chT Div I 2018"]
[Site "Linares"]
[Date "2018.08.11"]
[Round "6"]
[White "Tejedor Fuente, Enrique"]
[Black "Quesada Perez, Yasser"]
[Result "0-1"]
[ECO "B30"]
[WhiteElo "2408"]
[BlackElo "2534"]
[Annotator "ChessBase"]
[PlyCount "94"]
[EventDate "2018.08.06"]
[EventType "team-tourn"]
[EventCountry "ESP"]
[SourceTitle "playchess.com"]
[Source "ChessBase"]
[SourceQuality "1"]
[TimeControl "40/5400+30:1800+30"]

1. e4 c5 2. Nf3 Nc6 3. c3 d5 4. exd5 Qxd5 5. d4 Bg4 6. Be2 cxd4 7. cxd4 e6 8. O-O Nf6 9. Nc3 Qa5 10. h3 Bh5 11. Be3 Bd6 12. Nd2 Bxe2 13. Qxe2 O-O 14. Nc4 Qd8 15. Rfd1 Nd5 16. Rac1 Rc8 17. Nxd5 exd5 18. Ne5 Bxe5 19. dxe5 Qd7 20. Qb5 d4 21. Qa4 Rcd8 22. Bg5 Rde8 23. Be3 Rd8 24. Bg5 Ra8 25. Qb5 h6 26. Bf4 Rad8 27. Qd3 Qe6 28. a3 Rd5 29. Re1 Rfd8 30. Rc2 Nxe5 31. Bxe5 Rxe5 32. Rxe5 Qxe5 33. Re2 Qd6 34. Re4 Qb6 35. b4 a5 36. bxa5 Qxa5 37. Kh2 Qc5 38. g3 b5 39. Qe2 d3 40. Qe1 d2 41. Re8+ Kh7 42. Qb1+ f5 43. Rxd8 Qxf2+ 44. Kh1 Qe1+ 45. Qxe1 dxe1=Q+ 46. Kg2 Qe2+ 47. Kg1 Qf3 0-1

[Event "ESP-chT Div I 2018"]
[Site "Linares"]
[Date "2018.08.11"]
[Round "6"]
[White "Shvayger, Yuliya"]
[Black "Garcia Castany Musellas, Gal La"]
[Result "1/2-1/2"]
[ECO "C68"]
[WhiteElo "2390"]
[BlackElo "2203"]
[Annotator "NA"]
[PlyCount "66"]
[EventDate "2018.08.06"]
[EventType "team-tourn"]
[EventCountry "ESP"]
[SourceTitle "playchess.com"]
[Source "ChessBase"]
[SourceQuality "1"]
[TimeControl "40/5400+30:1800+30"]

1. e4 e5 2. Nf3 Nc6 3. Bb5 a6 4. Bxc6 dxc6 5. O-O Qf6 6. d4 exd4 7. Bg5 Qd6 8. Nxd4 Bd7 9. Nc3 Qg6 10. Be3 O-O-O 11. Qe2 Nf6 12. f3 h5 13. Qf2 h4 14. Nb3 Kb8 15. Bc5 Bxc5 16. Nxc5 Bc8 17. Rfd1 Qg5 18. b4 Nh5 19. a4 Nf4 20. Kh1 Rxd1+ 21. Rxd1 Rd8 22. Nd3 Qf6 23. Nxf4 Rxd1+ 24. Nxd1 Qxf4 25. h3 f5 26. Qd4 fxe4 27. Qxe4 Qd2 28. Ne3 Qe1+ 29. Kh2 Qg3+ 30. Kh1 Qe1+ 31. Kh2 Qg3+ 32. Kh1 Qe1+ 33. Kh2 Qg3+ 1/2-1/2

[Event "ESP-chT Div I 2018"]
[Site "Linares"]
[Date "2018.08.11"]
[Round "6"]
[White "Martin Duque, Jesus"]
[Black "Vergara Anton, Diego"]
[Result "1-0"]
[ECO "C11"]
[WhiteElo "2378"]
[BlackElo "2022"]
[Annotator "NA"]
[PlyCount "85"]
[EventDate "2018.08.06"]
[EventType "team-tourn"]
[EventCountry "ESP"]
[SourceTitle "playchess.com"]
[Source "ChessBase"]
[SourceQuality "1"]
[TimeControl "40/5400+30:1800+30"]

1. e4 e6 2. d4 d5 3. Nc3 Nf6 4. e5 Nfd7 5. f4 c5 6. Nce2 cxd4 7. Nxd4 Nc6 8. Ngf3 Bc5 9. c3 Qb6 10. g3 Nxd4 11. cxd4 Be7 12. Bd3 f5 13. O-O O-O 14. Rf2 Nb8 15. Be3 Nc6 16. h3 Kh8 17. g4 g6 18. Kh1 Bd7 19. Rg2 Rg8 20. Qd2 Nb4 21. Bb1 Rac8 22. a3 Nc6 23. Ba2 Na5 24. gxf5 gxf5 25. Rag1 Bb5 26. Ng5 Bxg5 27. fxg5 Be8 28. g6 Rxg6 29. Bg5 Qc7 30. b4 Nc6 31. Bf6+ Kg8 32. h4 Nxd4 33. h5 Nf3 34. Qh6 Rxg2 35. Rxg2+ Bg6 36. Rxg6+ hxg6 37. Qh8+ Kf7 38. Qg7+ Ke8 39. Qg8+ Kd7 40. Qf7+ Kc6 41. Qxe6+ Kb5 42. Qxd5+ Ka6 43. Bc4+ 1-0

[Event "ESP-chT Div I 2018"]
[Site "Linares"]
[Date "2018.08.11"]
[Round "6"]
[White "Ortega Hermida, Daniel"]
[Black "Almagro Llamas, Pablo"]
[Result "0-1"]
[ECO "B90"]
[WhiteElo "2334"]
[BlackElo "2442"]
[Annotator "NA"]
[PlyCount "120"]
[EventDate "2018.08.06"]
[EventType "team-tourn"]
[EventCountry "ESP"]
[SourceTitle "playchess.com"]
[Source "ChessBase"]
[SourceQuality "1"]
[TimeControl "40/5400+30:1800+30"]

1. e4 c5 2. Nf3 d6 3. d4 cxd4 4. Nxd4 Nf6 5. Nc3 a6 6. Be3 e6 7. f3 b5 8. Qd2 Nbd7 9. g4 Nb6 10. a4 Nc4 11. Bxc4 bxc4 12. a5 Qc7 13. Nde2 Nd7 14. Na4 Bb7 15. Nb6 Nxb6 16. Bxb6 Qd7 17. h4 Be7 18. O-O-O O-O 19. Nc3 f5 20. gxf5 exf5 21. Rhg1 fxe4 22. fxe4 Bxh4 23. e5 Bf3 24. Rdf1 Bg4 25. Qd5+ Be6 26. Qe4 Rxf1+ 27. Rxf1 Bg5+ 28. Kb1 d5 29. Qf3 Re8 30. Bc5 h6 31. Bd6 d4 32. Ne4 c3 33. Nc5 Qb5 34. b3 Bc4 35. Rd1 d3 36. Rxd3 Bxd3 37. Nxd3 Qxa5 38. Qc6 Qb5 39. Qxc3 a5 40. Qd4 Qc6 41. Qg4 Qc8 42. Qg2 Qc3 43. Qd5+ Kh8 44. Nc5 Qd2 45. Qe4 a4 46. bxa4 Be3 47. Nd3 Rc8 48. Nb4 Bd4 49. Na2 Qd1+ 50. Nc1 Be3 51. Qxe3 Qxc2+ 52. Ka1 Qxc1+ 53. Qxc1 Rxc1+ 54. Kb2 Rc8 55. Kb3 Kg8 56. a5 Kf7 57. Kb4 h5 58. a6 h4 59. Kb5 Ke6 60. a7 Ra8 0-1

[Event "ESP-chT Div I 2018"]
[Site "Linares"]
[Date "2018.08.11"]
[Round "6"]
[White "Rodriguez Fontecha, Marcos"]
[Black "Granero Roca, Antonio"]
[Result "0-1"]
[ECO "A48"]
[WhiteElo "2329"]
[BlackElo "2383"]
[Annotator "NA"]
[PlyCount "78"]
[EventDate "2018.08.06"]
[EventType "team-tourn"]
[EventCountry "ESP"]
[SourceTitle "playchess.com"]
[Source "ChessBase"]
[SourceQuality "1"]
[TimeControl "40/5400+30:1800+30"]

1. d4 Nf6 2. Nf3 g6 3. Bg5 Bg7 4. c3 O-O 5. Nbd2 d5 6. e3 c6 7. Be2 a5 8. O-O Nbd7 9. b4 Re8 10. Qc2 h6 11. Bh4 e5 12. b5 e4 13. bxc6 bxc6 14. Ne1 Nf8 15. c4 Ba6 16. Qa4 Qd7 17. Nb3 Ne6 18. Nc2 c5 19. Qxd7 Nxd7 20. Nxa5 cxd4 21. exd4 Nf4 22. Rfe1 Nb6 23. Bf1 Nxc4 24. Nb3 Ne6 25. f3 exf3 26. gxf3 Na3 27. Nb4 Bxf1 28. Kxf1 Ra4 29. Nxd5 Nc2 30. Nf6+ Bxf6 31. Bxf6 Nxa1 32. Rxa1 Nf4 33. a3 Re3 34. Nd2 Nd5 35. Be5 f6 36. Bd6 Rxd4 37. Rd1 Red3 38. Ke1 Nc3 39. Bc5 Rd5 0-1

[Event "ESP-chT Div I 2018"]
[Site "Linares"]
[Date "2018.08.11"]
[Round "6"]
[White "Cano Sanchez, Josue"]
[Black "Perez Lopez, Jesus Maria"]
[Result "1-0"]
[ECO "D02"]
[WhiteElo "2312"]
[BlackElo "2272"]
[Annotator "NA"]
[PlyCount "94"]
[EventDate "2018.08.06"]
[EventType "team-tourn"]
[EventCountry "ESP"]
[SourceTitle "playchess.com"]
[Source "ChessBase"]
[SourceQuality "1"]
[TimeControl "40/5400+30:1800+30"]

1. d4 d5 2. Nf3 c6 3. c3 Bf5 4. Bf4 e6 5. Qb3 Qb6 6. Nbd2 Nd7 7. e3 h6 8. Be2 Ngf6 9. h3 a5 10. a4 Ne4 11. Qxb6 Nxb6 12. Bc7 Nxd2 13. Nxd2 Nc8 14. Nb3 Bd6 15. Bxd6 Nxd6 16. Nc1 Ke7 17. Bd3 Rhc8 18. Bxf5 Nxf5 19. Nd3 Nd6 20. Ke2 b6 21. Rhd1 c5 22. Ra2 c4 23. Ne1 Rcb8 24. Nf3 f6 25. Nd2 b5 26. axb5 Rxb5 27. Rb1 g5 28. Kd1 e5 29. Kc2 Ke6 30. Ra4 Rab8 31. dxe5 fxe5 32. e4 Rf8 33. exd5+ Kxd5 34. f3 Rc8 35. Rba1 Rcc5 36. b3 cxb3+ 37. Nxb3 Rc6 38. Rxa5 Ke6 39. Ra6 Rbb6 40. Rxb6 Rxb6 41. Nd2 Kf5 42. Ra4 h5 43. g4+ Ke6 44. gxh5 Rb8 45. Ra6 Ke7 46. Ne4 Nf5 47. Ra7+ Kf8 1-0

[Event "ESP-chT Div I 2018"]
[Site "Linares"]
[Date "2018.08.11"]
[Round "6"]
[White "Aranaz Murillo, Amalia"]
[Black "Gonzalez Guedes, Iyan"]
[Result "1-0"]
[ECO "E68"]
[WhiteElo "2227"]
[BlackElo "1925"]
[Annotator "NA"]
[PlyCount "59"]
[EventDate "2018.08.06"]
[EventType "team-tourn"]
[EventCountry "ESP"]
[SourceTitle "playchess.com"]
[Source "ChessBase"]
[SourceQuality "1"]
[TimeControl "40/5400+30:1800+30"]

1. Nf3 Nf6 2. c4 g6 3. g3 Bg7 4. Bg2 O-O 5. O-O d6 6. d4 Nbd7 7. Nc3 e5 8. e4 exd4 9. Nxd4 Re8 10. h3 Ne5 11. b3 a6 12. Be3 Rb8 13. a4 Bd7 14. Ra2 c5 15. Nde2 b5 16. f4 Nc6 17. axb5 axb5 18. cxb5 Nb4 19. Rd2 Bxb5 20. Rxd6 Bxe2 21. Rxd8 Bxd1 22. Rxb8 Rxb8 23. Rxd1 Ng4 24. hxg4 Bxc3 25. Bxc5 Na6 26. Be7 f6 27. Bf1 Re8 28. Bc4+ Kg7 29. Rd7 Nb8 30. Bxf6+ 1-0

[Event "ESP-chT Div I 2018"]
[Site "Linares"]
[Date "2018.08.11"]
[Round "6"]
[White "Vazquez Torres, Adrian"]
[Black "Gutierrez Olivares, Daniel"]
[Result "0-1"]
[ECO "A10"]
[WhiteElo "2174"]
[BlackElo "2297"]
[Annotator "NA"]
[PlyCount "72"]
[EventDate "2018.08.06"]
[EventType "team-tourn"]
[EventCountry "ESP"]
[SourceTitle "playchess.com"]
[Source "ChessBase"]
[SourceQuality "1"]
[TimeControl "40/5400+30:1800+30"]

1. c4 d6 2. d4 f5 3. Nf3 Nf6 4. e3 g6 5. b3 Bg7 6. Bb2 O-O 7. Nbd2 Qe8 8. Qc2 Nc6 9. d5 Nb4 10. Qc1 a5 11. a3 Na6 12. Bc3 Nc5 13. Qb2 c6 14. Be2 Bh6 15. dxc6 bxc6 16. Qc2 Nce4 17. Nxe4 Nxe4 18. Bb2 g5 19. h4 g4 20. Ng5 Nf6 21. f3 Qg6 22. O-O-O Rb8 23. fxg4 Nxg4 24. Bxg4 fxg4 25. Rdf1 Bf5 26. Qc3 Bg7 27. Qxg7+ Qxg7 28. Bxg7 Kxg7 29. e4 Bd7 30. e5 Bf5 31. exd6 exd6 32. Re1 Rxb3 33. Rhf1 Rc3+ 34. Kb2 Rc2+ 35. Ka1 Rxg2 36. Re7+ Kg8 0-1

[Event "ESP-chT Div I 2018"]
[Site "Linares"]
[Date "2018.08.11"]
[Round "6"]
[White "Vega Gutierrez, Belinda Vidina"]
[Black "Rodrigo Yanguas, Maria"]
[Result "1-0"]
[ECO "C03"]
[WhiteElo "2165"]
[BlackElo "2062"]
[Annotator "NA"]
[PlyCount "123"]
[EventDate "2018.08.06"]
[EventType "team-tourn"]
[EventCountry "ESP"]
[SourceTitle "playchess.com"]
[Source "ChessBase"]
[SourceQuality "1"]
[TimeControl "40/5400+30:1800+30"]

1. e4 e6 2. d4 d5 3. Nd2 Be7 4. Ngf3 Nf6 5. e5 Nfd7 6. Bd3 c5 7. O-O Nc6 8. Re1 cxd4 9. Nb3 Qb6 10. a4 a5 11. Bf4 Nc5 12. Nfxd4 Nb4 13. Bb5+ Bd7 14. Be3 Qc7 15. c3 Nxb3 16. Nxb3 Na6 17. Qd4 Bd8 18. f4 O-O 19. Rf1 Nb8 20. Rf3 Nc6 21. Qd2 Ne7 22. Bd3 Ng6 23. Rh3 f5 24. Qe2 Be8 25. Nd4 Qf7 26. Nf3 Rc8 27. c4 dxc4 28. Bxc4 Bc6 29. Nd4 Bd5 30. Bxd5 exd5 31. Qh5 h6 32. Rg3 Kh7 33. Qe2 Rc4 34. b3 Rc3 35. Qd2 Rc8 36. Nb5 Be7 37. Qxa5 Bc5 38. Bxc5 Rxc5 39. Qd2 Qe7 40. Nd4 Qh4 41. Rf3 Qe7 42. g3 Qd7 43. Rd1 Rfc8 44. Rd3 Ne7 45. Qe3 Qe8 46. Qf3 Kh8 47. Nb5 Qg6 48. Kh1 Rc2 49. Rc3 Qb6 50. Rxc2 Rxc2 51. Nd4 Ra2 52. Qc3 Qg6 53. Rd2 Rxd2 54. Qxd2 h5 55. Qb4 Nc6 56. Qf8+ Kh7 57. Nf3 Qg4 58. Kg2 h4 59. Ng5+ Kg6 60. Qe8+ Kh6 61. Qh8+ Kg6 62. Qh7# 1-0

[Event "ESP-chT Div I 2018"]
[Site "Linares"]
[Date "2018.08.11"]
[Round "6"]
[White "Prado Acebo, Ines"]
[Black "Garcia Molina, Jose"]
[Result "1-0"]
[ECO "A58"]
[WhiteElo "2084"]
[BlackElo "1969"]
[Annotator "NA"]
[PlyCount "87"]
[EventDate "2018.08.06"]
[EventType "team-tourn"]
[EventCountry "ESP"]
[SourceTitle "playchess.com"]
[Source "ChessBase"]
[SourceQuality "1"]
[TimeControl "40/5400+30:1800+30"]

1. d4 Nf6 2. c4 c5 3. d5 b5 4. cxb5 a6 5. bxa6 g6 6. Nc3 Bg7 7. e4 O-O 8. Be2 d6 9. Nf3 Qa5 10. a7 Nbd7 11. O-O Ba6 12. Re1 Ng4 13. Bg5 Rfe8 14. Qc2 Nge5 15. Nd2 c4 16. Reb1 h6 17. Be3 Qc7 18. Qa4 Bb7 19. Nb5 Nc5 20. Qc2 Qd7 21. a4 Rec8 22. Nxc4 Nxc4 23. Bxc4 f5 24. exf5 gxf5 25. Ra3 Ne4 26. Qe2 Qe8 27. a5 Qf7 28. Qd3 Rxc4 29. Qxc4 Bxd5 30. Qc1 Bc4 31. Nc7 Rc8 32. a8=Q Rxa8 33. Nxa8 e5 34. Nb6 Ba6 35. f3 Nf6 36. Bxh6 Qg6 37. Bxg7 Qxg7 38. Rc3 Qg6 39. Rc8+ Bxc8 40. Qxc8+ Kh7 41. Rc1 Qg5 42. a6 Qe3+ 43. Kh1 Qxb6 44. Qc7+ 1-0

[Event "ESP-chT Div I 2018"]
[Site "Linares"]
[Date "2018.08.11"]
[Round "6"]
[White "Martin Capitan, Feliciano"]
[Black "Argandona Riveiro, Inigo"]
[Result "0-1"]
[ECO "C41"]
[WhiteElo "2066"]
[BlackElo "2415"]
[Annotator "NA"]
[PlyCount "70"]
[EventDate "2018.08.06"]
[EventType "team-tourn"]
[EventCountry "ESP"]
[SourceTitle "playchess.com"]
[Source "ChessBase"]
[SourceQuality "1"]
[TimeControl "40/5400+30:1800+30"]

1. e4 e5 2. Nf3 d6 3. Bc4 Be7 4. O-O Nf6 5. d3 O-O 6. Re1 c6 7. Nbd2 a5 8. a4 Nbd7 9. Nf1 Nc5 10. Ng3 Nxa4 11. Rxa4 b5 12. Bxb5 cxb5 13. Ra1 Re8 14. d4 Qc7 15. Bg5 h6 16. Bd2 Kh7 17. Re3 Ng4 18. Rea3 a4 19. h3 Nf6 20. d5 Bd7 21. Bb4 Qc4 22. Qe1 Rac8 23. c3 Qc7 24. Qe3 g6 25. Rf1 Ng8 26. Qd3 Qb6 27. Raa1 Rf8 28. Rae1 Rce8 29. Kh2 f5 30. Nd2 f4 31. Nh1 h5 32. f3 Nh6 33. g4 fxg3+ 34. Nxg3 Rf4 35. Rh1 Qf2# 0-1